Map: Bel'Shir Vestige LE (Void)

Players

MperorM

  • Race: Terran Terran
  • League: Master
  • Spawn Location: 5:00

Railgan - Winner!

  • Race: Zerg Zerg
  • League: Grandmaster
  • Spawn Location: 11:00

VOD

Have the link to the VOD?

Description

Time

  • Played on: March 15, 2017, 3:23 p.m.
  • Length: 13:58
Show
View Real Time Build Order
Export as new Build Order

MperorM Terran 

Build Orders: Reaper Expand, MMM Bio 

Get SALT Encoding   

  12  0:00  SCV  
  13  0:12  SCV  
  14  0:16  Supply Depot  
  14  0:24  SCV  
  15  0:38  SCV  
  15  0:39  Barracks  
  16  0:44  Refinery  
  16  0:50  SCV  
  17  1:02  SCV  
  18  1:14  SCV  
  19  1:26  Orbital Command  
  19  1:27  Reaper  
  20  1:37  Command Center  
  20  1:48  Barracks  
  20  1:52  SCV  
  21  1:59  Barracks Reactor  
  21  2:05  SCV  
  22  2:12  Supply Depot  
  22  2:16  Refinery  
  22  2:17  SCV  
  23  2:23  Factory  
  23  2:33  SCV  
  23  2:36  Marine x2  
  23  2:37  Barracks Tech Lab  
  26  2:48  SCV  
  27  2:54  Marine x2  
  29  2:59  Marine  
  29  3:00  SCV, Stimpack  
  29  3:04  Orbital Command  
  31  3:13  Marine x2, SCV  
  33  3:20  Starport  
  33  3:25  SCV  
  33  3:26  Marine  
  35  3:27  Factory Reactor  
  35  3:34  Marine x2  
  35  3:35  SCV  
  35  3:40  Supply Depot, SCV  
  39  3:43  Marine  
  40  3:52  Engineering Bay x2, SCV  
  40  3:54  SCV  
  42  4:05  SCV  
  42  4:06  SCV  
  42  4:09  Medivac  
  45  4:10  Medivac  
  45  4:11  Marine, Supply Depot  
  45  4:14  Marine  
  45  4:16  Marine  
  50  4:19  SCV  
  50  4:21  SCV  
  50  4:22  Terran Infantry Weapons Level 1  
  52  4:29  Marine  
  53  4:31  SCV  
  53  4:32  Marine  
  53  4:38  Marine  
  56  4:40  SCV  
  56  4:42  Terran Infantry Armor Level 1  
  56  4:44  SCV  
  58  4:50  Marine  
  58  4:52  SCV  
  60  4:57  Command Center  
  60  4:59  Supply Depot  
  60  5:02  Marine x2  
  62  5:20  Medivac, SCV x2  
  66  5:21  Marine  
  66  5:22  Marine, Combat Shields  
  66  5:28  Refinery  
  68  5:29  Barracks x2  
  68  5:31  Marine  
  68  5:32  Refinery  
  68  5:35  Bunker  
  69  5:37  Factory Reactor  
  69  5:38  SCV  
  70  5:54  Supply Depot  
  70  5:55  Supply Depot  
  70  6:01  Armory  
  70  6:04  Barracks  
  70  6:05  Barracks  
  70  6:08  Supply Depot  
  70  6:09  Marine x3, SCV x2, Medivac  
  77  6:21  SCV x2  
  81  6:28  Marine x2  
  81  6:30  Barracks Reactor x2, Widow Mine, Marauder  
  85  6:33  Widow Mine  
  85  6:37  SCV  
  85  6:38  SCV  
  89  6:49  SCV  
  88  6:57  Medivac x2  
  88  6:59  Barracks Reactor x2, Marine x3  
  94  7:08  Terran Infantry Armor Level 2  
  84  7:12  Refinery  
  84  7:16  Orbital Command  
  84  7:17  Bunker, SCV x2  
  84  7:19  Marine  
  84  7:20  Marine  
  84  7:21  Marine  
  89  7:25  Marine x2  
  89  7:28  Widow Mine x2  
  89  7:29  Marine  
  96  7:34  Marine, SCV  
  96  7:35  Marine  
  98  7:44  Marine x8  
  82  7:46  SCV  
  82  7:49  SCV x2  
  82  7:51  Marine  
  94  7:52  Marine  
  94  7:55  Marine  
  96  8:02  Marine  
  96  8:03  Marine  
  87  8:13  Marine x9  
  87  8:14  SCV x2  
  87  8:17  Terran Infantry Weapons Level 2  
  87  8:19  Marine  
  98  8:21  Marine  
  98  8:23  SCV  
  101  8:27  Missile Turret  
  101  8:28  Widow Mine  
  101  8:29  Widow Mine  
  101  8:31  Marine  
  101  8:33  SCV  
  107  8:34  Marine  
  107  8:35  Supply Depot  
  107  8:36  Marine  
  109  8:46  Supply Depot  
  109  8:48  Supply Depot  
  109  8:49  Marine x4  
  109  8:50  Marine x3  
  109  8:53  SCV  
  117  9:00  Marine  
  117  9:01  Marine x3, Widow Mine  
  116  9:07  Marine x2, SCV  
  117  9:12  Marine x3  
  117  9:13  SCV  
  117  9:19  SCV, Orbital Command  
  113  9:32  Marine  
  113  9:33  Marine x7  
  113  9:36  SCV  
  109  9:39  Marine  
  109  9:42  Marine  
  109  9:43  Marine  
  104  9:49  Terran Infantry Armor Level 3  
  104  9:50  Marine  
  104  9:51  Marine  
  106  9:53  Marine  
  106  9:56  Widow Mine  
  106  9:57  Widow Mine  
  111  10:02  SCV  
  110  10:08  Marine x4  
  114  10:15  Liberator  
  114  10:16  Liberator  
  114  10:19  Marine  
  113  10:22  Factory  
  113  10:25  Marine, Widow Mine  
  113  10:26  Marine, Widow Mine  
  101  10:40  Supply Depot x3  
  99  10:44  Marine x3  
  102  10:55  Barracks Tech Lab, Orbital Command  
  102  10:56  Barracks Tech Lab  
  102  11:01  Liberator  
  102  11:02  Marine x5  
  107  11:09  Widow Mine x2  
  107  11:10  Factory Tech Lab  
  110  11:24  Liberator  
  110  11:28  SCV  
  110  11:32  Marine x4  
  109  11:45  Liberator  
  112  11:47  Marine x2  
  114  11:54  Marine x4  
  119  12:08  Orbital Command  
  119  12:23  Missile Turret  
  119  12:30  Liberator  
  119  12:32  Liberator  
  119  12:35  Marine x6  
  125  12:40  Marauder  
  133  12:57  Marine x2  
  133  12:58  Marine x3  
  138  12:59  Marine  
  139  13:11  Widow Mine  
  139  13:12  Widow Mine  
  143  13:14  Marauder x2  
  147  13:22  Marine, Marauder  
  150  13:28  Ghost Academy  
  150  13:30  Barracks Tech Lab  
  150  13:35  Marauder  
Show
View Real Time Build Order
Export as new Build Order

Railgan Zerg - Winner!

Build Orders: Pool First 

Get SALT Encoding   

  12  0:01  Drone  
  13  0:12  Overlord  
  13  0:18  Drone  
  14  0:30  Drone  
  14  0:31  Drone  
  14  0:34  Drone  
  17  0:46  Drone  
  18  0:50  Spawning Pool  
  18  0:55  Drone  
  18  1:12  Hatchery  
  18  1:13  Drone  
  18  1:15  Extractor  
  17  1:23  Drone  
  18  1:36  Queen  
  18  1:37  Zergling x2  
  18  1:38  Drone  
  22  1:49  Overlord  
  23  2:08  Drone  
  23  2:12  Queen  
  23  2:13  Drone  
  26  2:19  Metabolic Boost  
  26  2:22  Drone  
  27  2:24  Queen  
  29  2:36  Drone x2  
  31  2:37  Drone  
  32  2:44  Drone  
  32  2:46  Drone, Overlord  
  32  2:47  Drone x2  
  35  2:55  Evolution Chamber  
  35  2:57  Drone  
  35  2:58  Drone  
  36  3:11  Drone  
  37  3:21  Zerg Ground Armor Level 1  
  37  3:22  Zergling x8  
  37  3:26  Drone  
  42  3:33  Overlord  
  42  3:34  Drone x2  
  42  3:37  Overlord  
  42  3:39  Extractor, Drone  
  42  3:40  Extractor  
  43  3:42  Overlord  
  43  3:46  Extractor  
  43  3:47  Drone  
  43  3:52  Lair  
  43  3:53  Drone x4  
  47  3:57  Queen  
  49  4:08  Drone  
  49  4:09  Drone x4  
  52  4:15  Drone, Evolution Chamber  
  52  4:20  Drone x2  
  54  4:24  Drone x3  
  54  4:31  Zergling x2  
  58  4:35  Zergling x2  
  59  4:41  Zergling x6  
  59  4:43  Zerg Melee Weapons Level 1, Queen  
  59  4:45  Zergling x2  
  65  4:46  Zergling x2  
  66  4:57  Infestation Pit, Queen  
  66  4:59  Overlord x2  
  67  5:09  Overlord  
  65  5:19  Drone  
  64  5:23  Zerg Ground Armor Level 2  
  64  5:25  Zergling x4  
  64  5:26  Zergling x4  
  68  5:32  Hatchery, Zergling x8  
  71  5:43  Zergling x4  
  71  5:46  Overlord  
  73  5:57  Pathogen Glands  
  73  6:00  Overlord  
  73  6:01  Zergling x2  
  73  6:02  Zergling x4  
  76  6:06  Burrow  
  76  6:07  Hive  
  76  6:18  Drone  
  76  6:20  Infestor x3  
  76  6:23  Drone x2  
  84  6:31  Zergling x4  
  86  6:37  Overlord  
  86  6:38  Zerg Melee Weapons Level 2  
  86  6:41  Zergling x12  
  88  6:56  Zergling x8  
  92  7:08  Queen  
  92  7:14  Drone x9  
  101  7:18  Overlord  
  101  7:20  Drone  
  102  7:25  Ultralisk Cavern  
  86  7:45  Drone  
  86  7:46  Drone x4, Overlord  
  91  7:54  Zergling x2  
  91  7:57  Extractor  
  91  7:58  Extractor, Zergling x2  
  92  8:03  Zergling x12  
  92  8:05  Zergling x2  
  92  8:09  Zergling x2  
  90  8:17  Zergling x4  
  89  8:22  Chitinous Plating  
  87  8:28  Zergling x8  
  87  8:32  Zergling x10  
  87  8:33  Zerg Ground Armor Level 3, Zergling x4  
  98  8:35  Infestor  
  98  8:41  Hatchery  
  99  8:43  Zergling x2  
  100  8:52  Zergling x10  
  100  8:53  Hatchery  
  103  9:00  Zergling x4  
  103  9:01  Zergling x6  
  103  9:02  Zergling x2  
  109  9:03  Overseer  
  109  9:04  Overlord  
  93  9:18  Ultralisk  
  93  9:20  Drone  
  97  9:28  Ultralisk  
  97  9:29  Ultralisk  
  108  9:38  Zergling x10  
  106  9:42  Drone  
  106  9:44  Ultralisk  
  113  9:52  Zergling x14  
  120  9:53  Pneumatized Carapace  
  120  9:54  Adrenal Glands  
  120  9:56  Zerg Melee Weapons Level 3  
  120  9:59  Hatchery  
  119  10:05  Ultralisk  
  119  10:06  Zergling x2  
  124  10:13  Ultralisk  
  130  10:15  Zergling x2  
  114  10:31  Ultralisk  
  114  10:33  Zergling x14  
  114  10:35  Overseer  
  127  10:37  Drone  
  127  10:38  Drone  
  127  10:42  Infestor  
  129  10:46  Zergling x2  
  129  10:47  Overlord  
  129  10:49  Drone  
  133  10:51  Spire  
  129  11:05  Ultralisk x2  
  129  11:06  Drone  
  129  11:08  Drone  
  143  11:12  Overlord x2  
  143  11:16  Zergling x2  
  143  11:17  Zergling x6  
  147  11:22  Baneling Nest  
  137  11:56  Ultralisk x2  
  137  11:57  Zergling x12  
  137  11:58  Zergling x2  
  137  11:59  Zergling x2  
  154  12:12  Zergling x4  
  154  12:13  Zergling x10  
  161  12:16  Corruptor x2  
  161  12:18  Overlord  
  161  12:19  Overlord x3  
  163  12:25  Extractor, Overlord  
  163  12:26  Extractor, Spore Crawler  
  160  12:32  Corruptor x3  
  166  12:37  Overlord, Zergling x2  
  166  12:41  Drone  
  167  12:44  Corruptor x2  
  167  12:45  Spine Crawler  
  167  12:50  Drone  
  171  12:53  Drone x3  
  174  13:02  Corruptor x3  
  180  13:12  Overlord  
  184  13:43  Spine Crawler, Spore Crawler  
Tags
 
Add a new tag
Caveats
  • Supply blocks, unpowered buildings, or Contaminate may cause inaccurate times.
  • Supply counts are checked every 10 seconds.